 Dungeon Crawl Stone Soup version 0.23-a0-650-ga4d50d4 (webtiles) character file.

2268 Lanoc the Grappler (level 9, 0/88 HPs)
             Began as a Troll Monk on Jan 6, 2019.
             Was a Priest of Nemelex Xobeh.
             Slain by a yak (13 damage)
             ... on level 7 of the Dungeon.
             The game lasted 00:10:08 (4160 turns).

Lanoc the Grappler (Troll Monk)                     Turns: 4160, Time: 00:10:09

Health: 0/88       AC:  6    Str: 24    XL:     9   Next: 16%
Magic:  10/11      EV: 12    Int:  6    God:    Nemelex Xobeh [***...]
Gold:   634        SH:  0    Dex: 12    Spells: 8/8 levels left

rFire    . . .     SeeInvis .     - Unarmed
rCold    . . .     Gourm    +   (no shield)
rNeg     . . .     Faith    .   a - +1 robe
rPois    .         Spirit   .   (helmet restricted)
rElec    .         Reflect  .   o - scarf {repulsion}
rCorr    .         Harm     .   (gloves unavailable)
MR       .....                  (boots unavailable)
Stlth    ++........             (no amulet)
HPRegen  0.64/turn              l - ring of wizardry
MPRegen  0.12/turn              m - ring of wizardry

@: repel missiles
A: large, unfitting armour, claws 3, fast metabolism 3, gourmand, regeneration
1, shaggy fur 1, tough skin 2
a: Draw Escape, Draw Destruction, Draw Summoning, Triple Draw, Renounce Religion


You were on level 7 of the Dungeon.
You worshipped Nemelex Xobeh.
Nemelex Xobeh was most pleased with you.
You were full.

You visited 2 branches of the dungeon, and saw 8 of its levels.

You collected 634 gold pieces.

Inventory:

Armour
 a - a +1 robe (worn)
 o - a scarf of repulsion (worn)
 t - a +0 large shield
Jewellery
 l - a ring of wizardry (left claw)
 m - a ring of wizardry (right claw)
Wands
 j - a wand of enslavement (5)
Scrolls
 c - a scroll of vulnerability {unknown}
 e - 5 scrolls of amnesia
 f - a scroll of enchant armour
 p - a scroll of teleportation
Potions
 d - a potion of curing
 g - a potion of berserk rage {unknown}
 h - a potion of mutation {unknown}
 i - a potion of invisibility
 k - a potion of magic
 n - a potion of brilliance {unknown}
 q - a potion of heal wounds {unknown}
Comestibles
 b - 9 rations


   Skills:
 + Level 5.3 Fighting
 + Level 5.2 Dodging
 - Level 1.0 Stealth
 * Level 8.6 Unarmed Combat
 + Level 4.0 Invocations


You had 8 spell levels left.
You didn't know any spells.
Your spell library was empty.

Dungeon Overview and Level Annotations

Branches:
Dungeon (7/15)             Temple (1/1) D:4

Altars:
Cheibriados
Dithmenos
Elyvilon
Fedhas
Gozag
Hepliaklqana
Kikubaaqudgha
Makhleb
Nemelex Xobeh
Okawaru
Qazlal
Sif Muna
Trog
Uskayaw
Vehumet
Wu Jian
Xom
Yredelemnul
Zin
The Shining One

Shops:
D:5 [


Innate Abilities, Weirdness & Mutations

You are too large for most types of armour.
You have claws for hands.
Your metabolism is lightning-fast.
You like to eat raw meat.
Your natural rate of healing is unusually fast.
You are covered in fur. (AC +1)
You have very tough skin. (AC +2)


Message History

You claw the yak!
The yak is almost dead.
You claw the yak!
You kill the yak!
Your Invocations skill increases to level 4!
You scratch the yak but do no damage. The yak gores you!
You scratch the yak but do no damage. You barely miss the yak.
The yak gores you.
You barely miss the yak. The yak gores you!
* * * LOW HITPOINT WARNING * * *
You claw the yak!
The yak is heavily wounded.
The yak gores you!!
* * * LOW HITPOINT WARNING * * *
Okay, then.
You feel better. The yak gores you.
* * * LOW HITPOINT WARNING * * *
You draw a card...
You have drawn Foxfire.
The yak gores you!
You die...
Your body disappears without a glow.

######.#####.# [............#
## .#...........# .
..#.....#....# Y
...#...#.#..## .#
....#...#...## ##Y###
.....#.......# .....#
......#.#.#.##########.....#.
...#........#$ll@YYY........$
..#.#.#....########.##.....##
...#......###.......##.....#
......#..###.#####...###.###
........##..## #...# .#
....#.###.#.# .......# #
#########.#.# ..........# #..
..##.#.##.........### #.#
#.##.......#....###


You could see 3 yaks, a wyvern and a friendly wyvern.

Vanquished Creatures
  A hornet (D:7)
  A hippogriff (D:6)
  Sigmund (D:3)
  2 yaks (D:7)
  A water moccasin (D:4)
  2 ogres
  A scorpion (D:6)
  4 killer bees (D:7)
  2 howler monkeys
  3 crimson imps
  4 orc wizards
  A centaur skeleton (D:4)
  2 orc priests (D:5)
  Crazy Yiuf (D:6)
  Jessica (D:2)
  An iguana (D:4)
  2 worker ants
  A hound skeleton (D:5)
  A worker ant zombie (D:5)
  A river rat (D:5)
  5 adders
  A white imp (D:5)
  5 worms
  A dart slug (D:5)
  A leopard gecko (D:1)
  20 orcs
  4 giant cockroaches
  5 goblins
  4 hobgoblins
  11 jackals
  2 quokkas
  A ball python (D:6)
  5 bats
  5 frilled lizards
  6 kobolds
  2 quokka skeletons
  A quokka zombie (D:5)
  2 rats
114 creatures vanquished.

Vanquished Creatures (collateral kills)
  A black bear (D:5)
  2 ogres
  A crimson imp (D:6)
  An orc wizard (D:6)
  2 orc priests (D:6)
  A jelly (D:6)
  2 orcs (D:6)
10 creatures vanquished.

Grand Total: 124 creatures vanquished

Notes
Turn   | Place    | Note
-------+----------+-------------------------------------------
     0 | D:1      | Lanoc the Troll Monk began the quest for the Orb.
     0 | D:1      | Reached XP level 1. HP: 22/22 MP: 0/0
    47 | D:1      | Reached XP level 2. HP: 22/29 MP: 1/1
   241 | D:2      | Reached XP level 3. HP: 15/36 MP: 2/2
   471 | D:2      | Noticed Jessica
   478 | D:2      | Killed Jessica
   478 | D:2      | Reached skill level 4 in Unarmed Combat
   478 | D:2      | Reached XP level 4. HP: 42/44 MP: 3/3
   665 | D:3      | Noticed Sigmund
   667 | D:3      | Found a glowing golden altar of the Shining One.
   690 | D:3      | Killed Sigmund
   690 | D:3      | Reached skill level 5 in Unarmed Combat
   690 | D:3      | Reached XP level 5. HP: 25/53 MP: 4/4
   818 | D:3      | Reached XP level 6. HP: 56/61 MP: 5/5
   880 | D:3      | Found a hazy altar of Hepliaklqana.
  1302 | D:4      | Found a staircase to the Ecumenical Temple.
  1312 | Temple   | Entered the Ecumenical Temple
  1470 | Temple   | Became a worshipper of Nemelex Xobeh the Trickster
  1470 | Temple   | Received a gift from Nemelex Xobeh
  1470 | Temple   | Reached * piety under Nemelex Xobeh
  1470 | Temple   | Received a gift from Nemelex Xobeh
  1470 | Temple   | Reached ** piety under Nemelex Xobeh
  1516 | D:4      | Noticed a water moccasin
  1524 | D:4      | Killed a water moccasin
  1671 | D:4      | Reached skill level 1 in Invocations
  1793 | D:4      | Found a basalt altar of Yredelemnul.
  2007 | D:4      | Reached skill level 6 in Unarmed Combat
  2007 | D:4      | Reached XP level 7. HP: 68/68 MP: 5/7
  2059 | D:4      | Found a deep blue altar of Sif Muna.
  2080 | D:5      | Entered Level 5 of the Dungeon
  2329 | D:5      | Found a bloodstained altar of Trog.
  2594 | D:5      | Found Kaphoo Ewna's Antique Armour Emporium.
  2903 | D:6      | Reached *** piety under Nemelex Xobeh
  2951 | D:6      | Reached XP level 8. HP: 39/79 MP: 8/8
  2976 | D:6      | Found an iron altar of Okawaru.
  2985 | D:6      | Reached skill level 7 in Unarmed Combat
  3197 | D:6      | Noticed a hippogriff
  3203 | D:6      | Killed a hippogriff
  3542 | D:6      | Found a runed door.
  3546 | D:6      | Noticed Crazy Yiuf
  3552 | D:6      | Killed Crazy Yiuf
  3634 | D:6      | Received a gift from Nemelex Xobeh
  3889 | D:7      | Noticed a hornet
  3898 | D:7      | Paralysed by a hornet for 2 turns
  3901 | D:7      | Killed a hornet
  3901 | D:7      | Reached skill level 5 in Fighting
  3901 | D:7      | Reached skill level 5 in Dodging
  3901 | D:7      | Reached skill level 8 in Unarmed Combat
  4136 | D:7      | Reached XP level 9. HP: 85/88 MP: 10/10
  4158 | D:7      | HP: 3/88 [yak (18)]
  4160 | D:7      | Slain by a yak

Vault maps used:
D:1:      dpeg_arrival_tiny_i, amethyst_killhole, minmay_misc_feat_pillars
D:2:      amethyst_overflow_temple_binary, palyth_stone_intersect,
          minmay_diced_spiral, uniq_jessica
D:3:      overflow_temple_1_default, overflow_temple_1_default, uniq_sigmund
D:4:      yredelemnul_altar_generic, minmay_temple_entry_mini_moons,
          first_ration, lemuel_blue_sif_altar
D:5:      bloody_trog, serial_shops, nicolae_shop_overgrown_old_shop
D:6:      minmay_polygon_palace, okawaru_trees_1, uniq_crazy_yiuf_cottage
D:7:      serial_shops, shop, chequers_mini_garden, hangedman_decor_opposing,
          kennysheep_generic_room_12
Temple:   kb_temple_of_zot

Skill      XL: |  1  2  3  4  5  6  7  8  9 |
---------------+----------------------------+-----
Unarmed Combat | 4 5 6 8 |  8.6
Dodging        | 3 4 5 |  5.2
Fighting       | 3 4 5 |  5.3
Invocations    | 1 2 3 4 |  4.0
Stealth        | |  1.0

Action                   |  1- 3 |  4- 6 |  7- 9 || total
-------------------------+-------+-------+-------++-------
Melee: Unarmed           |    79 |   170 |   223 ||   472
       Punch             |     1 |     3 |     4 ||     8
 Abil: Draw Destruction  |       |       |     4 ||     4
       Draw Summoning    |       |       |     3 ||     3
       Draw Escape       |       |       |     1 ||     1
  Use: Scroll            |     3 |     3 |     6 ||    12
       Potion            |       |       |     1 ||     1
 Stab: Sleeping          |       |     1 |     1 ||     2
  Eat: Chunk             |     9 |    15 |    16 ||    40
Armor: Robe              |    29 |    61 |    72 ||   162
Dodge: Dodged            |    40 |   100 |   165 ||   305
       Deflected         |       |       |     1 ||     1

Table legend:
 A = Non-vault XP
 B = Vault XP
 C = Vault XP percentage of total XP
 D = Non-vault monster count
 E = Vault monster count
 F = Vault count percentage of total count
                 A         B        C        D         E       F
            +---------+---------+-------+---------+---------+-------
      Total |    2559 |     681 |  21.0 |     114 |      10 |   8.1
            +---------+---------+-------+---------+---------+-------
        D:1 |      17 |       0 |   0.0 |      10 |       0 |   0.0
        D:2 |      64 |      43 |  40.2 |      12 |       3 |  20.0
        D:3 |      80 |     220 |  73.3 |      19 |       1 |   5.0
        D:4 |     417 |       0 |   0.0 |      19 |       0 |   0.0
        D:5 |     502 |       0 |   0.0 |      24 |       0 |   0.0
        D:6 |     401 |     418 |  51.0 |      21 |       6 |  22.2
        D:7 |    1078 |       0 |   0.0 |       9 |       0 |   0.0
            +---------+---------+-------+---------+---------+-------
